TOP OF THE 1ST |
Detroit X-Wings batting - Pitching for Blueville 83's : RHP Hayden Collins
|
Pitching: RHP Hayden Collins
|
|
Batting: SHB Jason Mason
|
0-0: Called Strike 0-1: Called Strike 0-2: Strikes out looking
|
Batting: RHB José Pérez
|
0-0: Ball 1-0: Fly out, F7 (Flyball, 7LS)
|
Batting: LHB Juan Jose Pineda
|
0-0: Ball 1-0: Swinging Strike 1-1: Ball 2-1: Called Strike 2-2: Foul Ball, location: 2F 2-2: Foul Ball, location: 2F 2-2: Foul Ball, location: 2F 2-2: Ball 3-2: Strikes out swinging
|
Top of the 1st over - 0 runs, 0 hits, 0 errors, 0 left on base; Detroit 0 - Blueville 0 |
BOTTOM OF THE 1ST |
Blueville 83's batting - Pitching for Detroit X-Wings : RHP Pat Monroe
|
Pitching: RHP Pat Monroe
|
|
Batting: SHB Joaquín López
|
0-0: Ground out 4-3 (Groundball, 4)
|
Batting: RHB Jonathan MacVey
|
0-0: Called Strike 0-1: Ground out 5-3 (Groundball, 56S)
|
Batting: RHB Lorenzo Guzmán
|
0-0: Ball 1-0: Ball 2-0: Fly out, F9 (Flyball, 9S)
|
Bottom of the 1st over - 0 runs, 0 hits, 0 errors, 0 left on base; Detroit 0 - Blueville 0 |
TOP OF THE 2ND |
Detroit X-Wings batting - Pitching for Blueville 83's : RHP Hayden Collins
|
Batting: SHB Barrett Bowden
|
0-0: Ground out 4-3 (Groundball, 4)
|
Batting: LHB Curt Walker
|
0-0: Called Strike 0-1: Foul Ball, location: 2F 0-2: Ball 1-2: Strikes out swinging
|
Batting: RHB Raúl Flores
|
0-0: SINGLE (Line Drive, 7S)
|
Batting: LHB Paul Alston
|
0-0: Called Strike 0-1: Ball 1-1: Swinging Strike 1-2: Ball 2-2: Ball 3-2: Foul Ball, location: 2F 3-2: SINGLE (Groundball, 3D) Raúl Flores to second Raúl Flores to third
|
Batting: RHB Earl Godwin
|
0-0: Ball 1-0: Ball 2-0: Reached on error, E5 (Groundball, 56) Raúl Flores scores Paul Alston to second
|
Batting: RHB Daniel Riddle
|
0-0: Ball 1-0: Foul Ball, location: 2F 1-1: Called Strike 1-2: Foul Ball, location: 2F 1-2: Strikes out swinging
|
Top of the 2nd over - 1 run, 2 hits, 1 error, 2 left on base; Detroit 1 - Blueville 0 |
BOTTOM OF THE 2ND |
Blueville 83's batting - Pitching for Detroit X-Wings : RHP Pat Monroe
|
Batting: LHB Lorenzo Villa
|
0-0: Called Strike 0-1: Ball 1-1: Ball 2-1: Foul Ball, location: 2F 2-2: Foul Ball, location: 2F 2-2: Ball 3-2: Base on Balls
|
Batting: LHB António Glaviz
|
0-0: Called Strike 0-1: Ball 1-1: Ball 2-1: Ball 3-1: Grounds into double play, 4-6-3 (Groundball, 4)
|
Batting: RHB Fernando Díaz
|
0-0: Ball 1-0: Called Strike 1-1: Foul Ball, location: 2F 1-2: Ball 2-2: Strikes out swinging
|
Bottom of the 2nd over - 0 runs, 0 hits, 0 errors, 0 left on base; Detroit 1 - Blueville 0 |
TOP OF THE 3RD |
Detroit X-Wings batting - Pitching for Blueville 83's : RHP Hayden Collins
|
Batting: SHB Jason Mason
|
0-0: Fly out, F5 (Popup, 5)
|
Batting: RHB José Pérez
|
0-0: Called Strike 0-1: Ball 1-1: Ball 2-1: SINGLE (Line Drive, 4MD)
|
Batting: LHB Juan Jose Pineda
|
0-0: Ball 1-0: Ball 2-0: SINGLE (Groundball, 34D) José Pérez to second Runner from 2nd tries for 3rd, SAFE, no throw
|
Batting: SHB Barrett Bowden
|
0-0: Called Strike 0-1: Called Strike 0-2: SINGLE (Line Drive, 4MD) José Pérez scores Juan Jose Pineda to second
|
Batting: LHB Curt Walker
|
0-0: Called Strike 0-1: Ball Juan Jose Pineda is caught stealing 3rd base 1-1: Ball 2-1: Foul Ball, location: 2F 2-2: Foul Ball, location: 2F 2-2: SINGLE (Line Drive, 89S) Barrett Bowden to second
|
Batting: RHB Raúl Flores
|
0-0: Fly out, F4 (Line Drive, 4)
|
Top of the 3rd over - 1 run, 4 hits, 0 errors, 2 left on base; Detroit 2 - Blueville 0 |
BOTTOM OF THE 3RD |
Blueville 83's batting - Pitching for Detroit X-Wings : RHP Pat Monroe
|
Batting: RHB Alberto Campos
|
0-0: Called Strike 0-1: Ball 1-1: Swinging Strike 1-2: Fly out, F8 (Flyball, 8LXD)
|
Batting: RHB Jorge Márquez
|
0-0: Ball 1-0: Ground out 4-3 (Groundball, 4)
|
Batting: RHB Eric Johnson
|
0-0: Ball 1-0: Called Strike 1-1: SOLO HOME RUN (Flyball, 7LD), Distance : 340 ft
|
Batting: SHB Joaquín López
|
0-0: Ball 1-0: Swinging Strike 1-1: Ball 2-1: Ball 3-1: Foul Ball, location: 2F 3-2: SINGLE (Groundball, 34D)
|
Batting: RHB Jonathan MacVey
|
0-0: Ball 1-0: Ball 2-0: Foul Ball, location: 2F 2-1: Called Strike 2-2: Strikes out swinging
|
Bottom of the 3rd over - 1 run, 2 hits, 0 errors, 1 left on base; Detroit 2 - Blueville 1 |
TOP OF THE 4TH |
Detroit X-Wings batting - Pitching for Blueville 83's : RHP Hayden Collins
|
Batting: LHB Paul Alston
|
0-0: Called Strike 0-1: Foul Ball, location: 2F 0-2: DOUBLE (Flyball, 89D)
|
Batting: RHB Earl Godwin
|
0-0: SINGLE (Line Drive, 78M) Paul Alston to third Runner from 3rd tries for Home, SAFE, throw made home
|
Batting: RHB Daniel Riddle
|
0-0: Ball 1-0: 2-RUN HOME RUN (Flyball, 7D), Distance : 384 ft
|
Batting: SHB Jason Mason
|
0-0: Ball 1-0: Called Strike 1-1: Ball 2-1: Ground out 4-3 (Groundball, 4M)
|
Batting: RHB José Pérez
|
0-0: Foul Ball, location: 2F 0-1: Ball 1-1: Called Strike 1-2: Foul Ball, location: 2F 1-2: Ball 2-2: Strikes out swinging
|
Batting: LHB Juan Jose Pineda
|
0-0: Called Strike 0-1: Foul Ball, location: 2F 0-2: Ball 1-2: Foul Ball, location: 2F 1-2: Fly out, F7 (Flyball, 78M)
|
Top of the 4th over - 3 runs, 3 hits, 0 errors, 0 left on base; Detroit 5 - Blueville 1 |
BOTTOM OF THE 4TH |
Blueville 83's batting - Pitching for Detroit X-Wings : RHP Pat Monroe
|
Batting: RHB Lorenzo Guzmán
|
0-0: Fly out, F9 (Flyball, 9D)
|
Batting: LHB Lorenzo Villa
|
0-0: Ground out 6-3 (Groundball, 56)
|
Batting: LHB António Glaviz
|
0-0: Called Strike 0-1: Ball 1-1: Called Strike 1-2: Ball 2-2: Strikes out swinging
|
Bottom of the 4th over - 0 runs, 0 hits, 0 errors, 0 left on base; Detroit 5 - Blueville 1 |
TOP OF THE 5TH |
Detroit X-Wings batting - Pitching for Blueville 83's : RHP Hayden Collins
|
Batting: SHB Barrett Bowden
|
0-0: Called Strike 0-1: Ball 1-1: Ball 2-1: Called Strike 2-2: Ground out 4-3 (Groundball, 4MS)
|
Batting: LHB Curt Walker
|
0-0: Called Strike 0-1: Ball 1-1: Ball 2-1: Ball 3-1: Swinging Strike 3-2: Strikes out swinging
|
Batting: RHB Raúl Flores
|
0-0: Foul Ball, location: 2F 0-1: Called Strike 0-2: Hit by Pitch
|
Pitching: RHP Dustin Lynch
|
|
Batting: LHB Paul Alston
|
0-0: Called Strike 0-1: Fly out, F7 (Flyball, 78XD)
|
Top of the 5th over - 0 runs, 0 hits, 0 errors, 1 left on base; Detroit 5 - Blueville 1 |
BOTTOM OF THE 5TH |
Blueville 83's batting - Pitching for Detroit X-Wings : RHP Pat Monroe
|
Batting: RHB Fernando Díaz
|
0-0: Called Strike 0-1: Ball 1-1: Ball 2-1: Ball 3-1: Swinging Strike 3-2: Ground out 6-3 (Groundball, 6)
|
Pitching: LHP Ernest Hutchinson
|
|
Batting: RHB Alberto Campos
|
0-0: Called Strike 0-1: Ball 1-1: Foul Ball, location: 2F 1-2: SINGLE (Groundball, 34D)
|
Batting: RHB Jorge Márquez
|
0-0: Ball 1-0: Ball 2-0: Ball 3-0: Base on Balls Alberto Campos to second
|
Batting: RHB Eric Johnson
|
0-0: Foul Ball, location: 2F 0-1: DOUBLE (Line Drive, 9LS) Alberto Campos scores Jorge Márquez to third Runner from 3rd tries for Home, SAFE, no throw
|
Batting: SHB Joaquín López
|
0-0: Ball 1-0: Called Strike 1-1: Foul Ball, location: 2F 1-2: Foul Ball, location: 2F 1-2: SINGLE (Line Drive, 56D) Eric Johnson to third Runner from 3rd tries for Home, SAFE, no throw
|
Batting: RHB Jonathan MacVey
|
0-0: Foul Ball, location: 2F 0-1: Foul Ball, location: 2F 0-2: Strikes out looking
|
Batting: RHB Lorenzo Guzmán
|
0-0: Ball 1-0: Called Strike 1-1: Swinging Strike 1-2: SINGLE (Groundball, 34S) (infield hit) Joaquín López to second
|
Batting: LHB Lorenzo Villa
|
0-0: Swinging Strike 0-1: Ball 1-1: Ball 2-1: Ball 3-1: Base on Balls Joaquín López to third Lorenzo Guzmán to second
|
Batting: LHB António Glaviz
|
0-0: Called Strike 0-1: Foul Ball, location: 2F 0-2: SINGLE (Groundball, 56D) Joaquín López scores Lorenzo Guzmán to third Lorenzo Villa to second Runner from 3rd tries for Home, SAFE, no throw
|
Pitching: LHP Richard Dorris
|
|
Batting: RHB Fernando Díaz
|
0-0: Ball 1-0: Called Strike 1-1: Ball 2-1: Ball 3-1: Base on Balls Lorenzo Villa to third António Glaviz to second
|
Batting: RHB Alberto Campos
|
0-0: Ground out 5-3 (Groundball, 56S)
|
Bottom of the 5th over - 5 runs, 5 hits, 0 errors, 3 left on base; Detroit 5 - Blueville 6 |
TOP OF THE 6TH |
Detroit X-Wings batting - Pitching for Blueville 83's : RHP Dustin Lynch
|
Batting: RHB Earl Godwin
|
0-0: Ground out 4-3 (Groundball, 4)
|
Batting: RHB Daniel Riddle
|
0-0: Called Strike 0-1: Ball 1-1: Foul Ball, location: 2F 1-2: Fly out, F7 (Flyball, 7LD)
|
Batting: SHB Jason Mason
|
0-0: Called Strike 0-1: Ball 1-1: SINGLE (Flyball, 6D)
|
Batting: RHB José Pérez
|
0-0: Ball 1-0: Swinging Strike 1-1: Ball 2-1: Called Strike 2-2: SINGLE (Flyball, 89M) Jason Mason to second Jason Mason to third
|
Batting: LHB Juan Jose Pineda
|
0-0: Foul Ball, location: 2F 0-1: Called Strike 0-2: Ball 1-2: Foul Ball, location: 2F 1-2: Ball 2-2: Strikes out looking
|
Top of the 6th over - 0 runs, 2 hits, 0 errors, 2 left on base; Detroit 5 - Blueville 6 |
BOTTOM OF THE 6TH |
Blueville 83's batting - Pitching for Detroit X-Wings : LHP Richard Dorris
|
Batting: RHB Jorge Márquez
|
0-0: Ball 1-0: Ball 2-0: Ball 3-0: Called Strike 3-1: Swinging Strike 3-2: SINGLE (Line Drive, 56D)
|
Batting: RHB Eric Johnson
|
0-0: Ball 1-0: Ball 2-0: Fly out, F7 (Line Drive, 7)
|
Batting: SHB Joaquín López
|
0-0: Ball 1-0: Foul Ball, location: 2F 1-1: Ball 2-1: Foul Ball, location: 2F 2-2: Foul Ball, location: 2F 2-2: Ball 3-2: Ground out 3-1 (Groundball, 34S) Jorge Márquez to second
|
Batting: RHB Jonathan MacVey
|
0-0: Called Strike 0-1: Swinging Strike 0-2: Ball 1-2: Ball 2-2: Foul Ball, location: 2F 2-2: SINGLE (Flyball, 8RM) Jorge Márquez to third Runner from 3rd tries for Home, SAFE, no throw
|
Batting: RHB Lorenzo Guzmán
|
0-0: Ball 1-0: Called Strike 1-1: Ball 2-1: Reached on error, E6 (Groundball, 6) Jonathan MacVey to second
|
Batting: LHB Lorenzo Villa
|
0-0: Ball 1-0: Fly out, F8 (Flyball, 78M)
|
Bottom of the 6th over - 1 run, 2 hits, 1 error, 2 left on base; Detroit 5 - Blueville 7 |
TOP OF THE 7TH |
Detroit X-Wings batting - Pitching for Blueville 83's : RHP Dustin Lynch
|
Batting: SHB Barrett Bowden
|
0-0: Foul Ball, location: 2F 0-1: SOLO HOME RUN (Flyball, 9LD), Distance : 340 ft
|
Batting: LHB Curt Walker
|
0-0: Ball 1-0: Called Strike 1-1: Swinging Strike 1-2: Ball 2-2: Ball 3-2: Foul Ball, location: 2F 3-2: Strikes out swinging
|
Batting: RHB Raúl Flores
|
0-0: Ball 1-0: Ball 2-0: DOUBLE (Line Drive, 7LD)
|
Batting: LHB Paul Alston
|
0-0: Called Strike 0-1: Swinging Strike 0-2: Ball 1-2: Fly out, F8 (Flyball, 89D) Runner from 2nd tags up, SAFE at 3rd, no throw
|
Pinch Hitting: SHB Brian Price
|
0-0: Ball 1-0: Swinging Strike 1-1: Foul Ball, location: 2F 1-2: Strikes out swinging
|
Top of the 7th over - 1 run, 2 hits, 0 errors, 1 left on base; Detroit 6 - Blueville 7 |
BOTTOM OF THE 7TH |
Blueville 83's batting - Pitching for Detroit X-Wings : LHP Richard Dorris
|
Now at 2B: Brian Price
|
|
Batting: LHB António Glaviz
|
0-0: Ball 1-0: Called Strike 1-1: Ball 2-1: Ball 3-1: Called Strike 3-2: Foul Ball, location: 2F 3-2: DOUBLE (Line Drive, 8RXD)
|
Batting: RHB Fernando Díaz
|
0-0: Intentional Walk
|
Batting: RHB Alberto Campos
|
0-0: Bunted foul 0-1: Ball 1-1: Bunted foul 1-2: Ball 2-2: Foul Ball, location: 2F 2-2: Foul Ball, location: 2F 2-2: Foul Ball, location: 2F 2-2: Ball 3-2: DOUBLE (Line Drive, 89XD) António Glaviz scores Fernando Díaz to third Fernando Díaz scores
|
Pitching: RHP Pat Jackson
|
|
Batting: RHB Jorge Márquez
|
0-0: Bunted foul 0-1: Ball 1-1: Bunt - Flyout! F1
|
Batting: RHB Eric Johnson
|
0-0: Called Strike 0-1: Ball 1-1: Swinging Strike 1-2: Ball 2-2: Ball 3-2: 2-RUN HOME RUN (Flyball, 7LD), Distance : 421 ft
|
Batting: SHB Joaquín López
|
0-0: Called Strike 0-1: Swinging Strike 0-2: Fly out, F6 (Popup, 6)
|
Batting: RHB Jonathan MacVey
|
0-0: Foul Ball, location: 2F 0-1: Swinging Strike 0-2: Ball 1-2: Ball 2-2: Ball 3-2: Fly out, F3 (Popup, 23F)
|
Bottom of the 7th over - 4 runs, 3 hits, 0 errors, 0 left on base; Detroit 6 - Blueville 11 |
TOP OF THE 8TH |
Detroit X-Wings batting - Pitching for Blueville 83's : RHP Dustin Lynch
|
Batting: RHB Daniel Riddle
|
0-0: Called Strike 0-1: Called Strike 0-2: Strikes out swinging
|
Batting: SHB Jason Mason
|
0-0: Ball 1-0: Fly out, F9 (Flyball, 9LS)
|
Batting: RHB José Pérez
|
0-0: SINGLE (Groundball, 56D)
|
Batting: LHB Juan Jose Pineda
|
0-0: Swinging Strike 0-1: Foul Ball, location: 2F 0-2: Strikes out swinging
|
Top of the 8th over - 0 runs, 1 hit, 0 errors, 1 left on base; Detroit 6 - Blueville 11 |
BOTTOM OF THE 8TH |
Blueville 83's batting - Pitching for Detroit X-Wings : RHP Pat Jackson
|
Batting: RHB Lorenzo Guzmán
|
0-0: Ball 1-0: Called Strike 1-1: Called Strike 1-2: Ground out 5-3 (Groundball, 56S)
|
Batting: LHB Lorenzo Villa
|
0-0: Ball 1-0: Foul Ball, location: 2F 1-1: Ball 2-1: Foul Ball, location: 2F 2-2: Ground out 4-3 (Groundball, 34)
|
Batting: LHB António Glaviz
|
0-0: Ball 1-0: Foul Ball, location: 2F 1-1: SINGLE (Groundball, 4MD)
|
Batting: RHB Fernando Díaz
|
0-0: Ball 1-0: Ball 2-0: Ball 3-0: Foul Ball, location: 2F 3-1: Base on Balls António Glaviz to second
|
Batting: RHB Alberto Campos
|
0-0: Ball 1-0: Ball 2-0: Ball 3-0: Called Strike 3-1: Base on Balls António Glaviz to third Fernando Díaz to second
|
Batting: RHB Jorge Márquez
|
0-0: Foul Ball, location: 2F 0-1: Ground out U3 (Groundball, 34)
|
Bottom of the 8th over - 0 runs, 1 hit, 0 errors, 3 left on base; Detroit 6 - Blueville 11 |
TOP OF THE 9TH |
Detroit X-Wings batting - Pitching for Blueville 83's : RHP Dustin Lynch
|
Batting: SHB Barrett Bowden
|
0-0: Called Strike 0-1: Ground out 5-3 (Groundball, 56)
|
Batting: LHB Curt Walker
|
0-0: Foul Ball, location: 2F 0-1: Ground out 1-3 (Groundball, 15S)
|
Batting: RHB Raúl Flores
|
0-0: Foul Ball, location: 2F 0-1: Called Strike 0-2: Strikes out swinging
|
Top of the 9th over - 0 runs, 0 hits, 0 errors, 0 left on base; Detroit 6 - Blueville 11 |
|